 Dungeon Crawl Stone Soup version 0.31.0-9-g3a7656b989 (webtiles) character file.

Game seed: 14265154607050646002

88 qw the Shooter (level 4, -2/22 HPs)
             Began as a Spriggan Hunter on Feb 2, 2024.
             Incinerated by a bombardier beetle (5 damage)
             ... with a burning spray
             ... on level 3 of the Dungeon.
             The game lasted 00:00:04 (1205 turns).

qw the Shooter (Spriggan Hunter)                    Turns: 1205, Time: 00:00:05

Health: -2/22      AC:  2    Str:  7    XL:     4   Next: 30%
Magic:  5/5        EV: 20    Int: 10    God:
Gold:   84         SH:  0    Dex: 20    Spells: 3/3 levels left

rFire   . . .        a - +1 shortbow
rCold   . . .        (shield currently unavailable)
rNeg    . . .        c - +0 robe
rPois   .            (helmet restricted)
rElec   .            (no cloak)
rCorr   .            (gloves unavailable)
SInv    +            (boots unavailable)
Will    .....        (no amulet)
Stlth   +            (no ring)
HPRegen 0.23/turn    (no ring)
MPRegen 0.09/turn

%: no passive effects
@: on fire, about to teleport, glowing, very quick
A: very small, no large weapons, unfitting armour, see invisible, speed 3
a: no special abilities


You were on level 3 of the Dungeon.
You visited 1 branch of the dungeon, and saw 3 of its levels.

You collected 84 gold pieces.


Innate Abilities, Weirdness & Mutations

You are very small and have problems with some larger weapons.
You are too small for most types of armour.
You have supernaturally acute eyesight. (SInv)
You cover ground extremely quickly. (Speed+++)


   Skills:
 - Level 1.5 Fighting
 - Level 5.0 Ranged Weapons
 + Level 4.7 Dodging
 - Level 1.5 Stealth


You had 3 spell levels left.
You didn't know any spells.
Your spell library was empty.

Inventory:

Hand Weapons
 a - a +1 shortbow (weapon)
Armour
 c - a +0 robe (worn)
Scrolls
 b - a scroll of identify {unknown}
Potions
 f - a potion of curing {unknown}
 j - a potion of haste {unknown}

Dungeon Overview and Level Annotations

Branches:
Dungeon (3/15)

Altars:


Message History

The adder is lightly wounded.
You shoot an arrow. The arrow completely misses the adder.
You shoot an arrow. The arrow barely misses the adder.
The adder closely misses you. The adder completely misses you.
You shoot an arrow. The arrow hits the adder!
You kill the adder!
b - a scroll labelled OGREXAPHUH
Found a stone staircase leading up.
A bombardier beetle comes into view.
Found 9 gold pieces.
You shoot an arrow. The arrow hits the bombardier beetle!
The bombardier beetle is heavily wounded.
You shoot an arrow.
The arrow hits the bombardier beetle but does no damage.
The bombardier beetle is heavily wounded.
You shoot an arrow. The arrow hits the bombardier beetle.
The bombardier beetle is heavily wounded.
The bombardier beetle sprays incendiary fluid at you.
The burning spray hits you.
You are covered in liquid fire!
You shoot an arrow. The arrow hits the bombardier beetle.
The bombardier beetle is almost dead.
The liquid fire burns you!
You shoot an arrow.
The arrow barely misses the bombardier beetle.
The liquid fire burns you!
You shoot an arrow.
The arrow barely misses the bombardier beetle.
The liquid fire burns you!
The bombardier beetle sprays incendiary fluid at you.
The burning spray misses you.
1204 ||| READING scroll of teleportation.
As you read the scroll of teleportation, it crumbles to dust.
You feel strangely unstable. The liquid fire burns you!
You shoot an arrow.
The arrow hits the bombardier beetle but does no damage.
The bombardier beetle is almost dead.
The liquid fire burns you!
You die...

#.......$.. .........#
........# .. .......#
... ......# .# .. ...
.###. ..#. #...###.#
#B#......
....#........###@#......
....#.#...##............
......###...#.....%.....
.##..(...<..)......#####
..#..##.........#......
.....##.........###..##
..##..#.).............<
..............#####.##.#
<.###.######### ..


You could see a bombardier beetle.

Vanquished Creatures
  A gnoll (D:1)
  4 adders
  A dart slug (D:1)
  4 ball pythons
  6 endoplasms
  2 giant cockroaches
  6 goblins
  A hobgoblin (D:2)
  3 quokkas (D:1)
  4 bats (D:1)
  4 frilled lizards
  2 kobolds
  3 rats
41 creatures vanquished.

Notes
Turn   | Place    | Note
-------+----------+-------------------------------------------
     0 | D:1      | qw the Spriggan Hunter began the quest for the Orb.
     0 | D:1      | Reached XP level 1. HP: 10/10 MP: 2/2
     0 | D:1      | 0 ||| qw: Version: 0.3-a-155-g5e7d8dd
     0 | D:1      | 0 ||| qw: Game counter: 1516
     0 | D:1      | 0 ||| qw: Melee chars always use a shield: true
     0 | D:1      | 0 ||| qw: God list: Okawaru
     0 | D:1      | 0 ||| qw: Allow faded altars: false
     0 | D:1      | 0 ||| qw: Do Orc after clearing Dungeon:15 true
     0 | D:1      | 0 ||| qw: Do second Lair branch before Depths: true
     0 | D:1      | 0 ||| qw: Lair rune preference: random
     0 | D:1      | 0 ||| qw: Goals: Normal
     0 | D:1      | 0 ||| PLANNING D:1-11
    26 | D:1      | Reached skill level 3 in Dodging
    75 | D:1      | Found a faded altar of an unknown god.
   119 | D:1      | Reached XP level 2. HP: 14/14 MP: 3/3
   330 | D:1      | Reached XP level 3. HP: 18/18 MP: 4/4
   600 | D:1      | 600 ||| READING scroll labelled YKHLEU VOWOUMUO.
   601 | D:1      | 601 ||| DROPPING scroll of butterflies.
   767 | D:2      | Reached skill level 5 in Ranged Weapons
  1141 | D:2      | 1141 ||| READING scroll labelled LIPNUPAMPOE.
  1142 | D:2      | 1142 ||| READING scroll labelled QUUZI OSKAFF.
  1142 | D:2      | 1142 ||| ENCHANTING +0 shortbow.
  1143 | D:2      | 1143 ||| READING 2 scrolls labelled YMORUMI CUUJE.
  1144 | D:2      | 1144 ||| READING scroll labelled WIEDEE FYKAC.
  1145 | D:2      | 1145 ||| READING 2 scrolls labelled MUOHYN VYUSYCK.
  1150 | D:2      | 1150 ||| READING scroll labelled COSKOI ARARA.
  1150 | D:2      | 1150 ||| ENCHANTING +0 shortbow.
  1151 | D:2      | 1151 ||| DROPPING scroll of poison.
  1167 | D:3      | Reached XP level 4. HP: 22/22 MP: 5/5
  1203 | D:3      | HP: 5/22 [burnt (7)]
  1204 | D:3      | 1204 ||| READING scroll of teleportation.
  1205 | D:3      | Incinerated by a bombardier beetle

Levels and vault maps discovered:
D:1:      scummos_arrival_hexagon, layout_basic,
          hellmonk_ecumenical_altar_crossroads
D:2:      layout_loops_ring, item_on_display_a
D:3:      layout_rooms, uniq_crazy_yiuf_cottage

Skill      XL: |  1  2  3 |
---------------+----------+-----
Dodging        | 3 4 |  4.7
Ranged Weapons | 5 |  5.0
Fighting       | |  1.5
Stealth        | |  1.5

Action                     |  1- 3 |  4- 6 || total
---------------------------+-------+-------++-------
   Fire: Shortbow          |    97 |    20 ||   117
    Use: Scroll            |     7 |     1 ||     8
 Armour: Robe              |    11 |     1 ||    12
  Dodge: Dodged            |    44 |     9 ||    53

Table legend:
 A = Non-vault XP
 B = Vault XP
 C = Vault XP percentage of total XP
 D = Non-vault monster count
 E = Vault monster count
 F = Vault count percentage of total count
                 A         B        C        D         E       F
            +---------+---------+-------+---------+---------+-------
      Total |     127 |       0 |   0.0 |      41 |       0 |   0.0
            +---------+---------+-------+---------+---------+-------
        D:1 |      49 |       0 |   0.0 |      22 |       0 |   0.0
        D:2 |      47 |       0 |   0.0 |      14 |       0 |   0.0
        D:3 |      31 |       0 |   0.0 |       5 |       0 |   0.0
            +---------+---------+-------+---------+---------+-------
